Map: Dusk Towers

Players

LilDicky - Winner!

  • Race: Terran Terran
  • League: Diamond

Pnissen

  • Race: Zerg Zerg
  • League: Diamond

VOD

http://www.twitch.tv/tumescentpie

Description

Time

  • Played on: Dec. 7, 2015, 9:08 a.m.
  • Length: 16:35
Show
View Real Time Build Order
Export as new Build Order

LilDicky Terran - Winner!

Build Orders: Liberator Opening 

Get SALT Encoding   

  12  0:01  SCV  
  13  0:13  SCV  
  14  0:18  Supply Depot  
  14  0:26  SCV  
  15  0:40  SCV  
  16  0:46  Barracks  
  16  0:49  Refinery  
  16  0:54  SCV  
  17  1:00  Refinery  
  17  1:06  SCV  
  17  1:08  Supply Depot  
  18  1:18  SCV  
  19  1:37  Marine  
  19  1:39  Orbital Command  
  20  1:48  Factory  
  20  1:55  Marine  
  21  2:09  SCV  
  22  2:16  Barracks Reactor  
  22  2:21  SCV  
  23  2:32  Armory  
  23  2:33  SCV  
  24  2:39  Starport  
  24  2:45  SCV  
  24  2:47  Factory Tech Lab  
  24  2:48  Supply Depot  
  25  2:53  Marine  
  25  2:54  Marine  
  25  2:58  SCV  
  28  3:10  SCV  
  28  3:11  Marine x2  
  31  3:17  Supply Depot  
  33  3:22  SCV  
  34  3:28  Thor  
  34  3:33  Supply Depot  
  34  3:34  Marine  
  38  3:38  Marine  
  40  3:46  Medivac  
  42  3:49  SCV  
  43  3:59  Liberator  
  43  4:01  SCV  
  44  4:07  Supply Depot  
  44  4:10  Command Center  
  47  4:35  Siege Tank  
  47  4:36  SCV  
  51  4:45  Marine  
  51  4:46  Marine  
  51  4:50  Refinery  
  53  5:10  SCV  
  51  5:34  Thor  
  51  5:35  SCV  
  55  5:36  Orbital Command  
  55  5:40  Marine  
  56  5:45  Command Center  
  56  5:47  SCV  
  57  6:15  Medivac  
  57  6:16  SCV  
  60  6:20  Thor  
  66  6:31  Liberator  
  67  6:47  SCV x2  
  71  6:59  SCV x2, Orbital Command  
  73  7:04  Refinery  
  73  7:11  SCV x2  
  58  7:23  SCV x2  
  58  7:26  Thor  
  66  7:35  SCV  
  67  7:51  Orbital Command  
  59  8:00  Starport Reactor  
  59  8:03  Marine x2  
  61  8:09  Thor  
  61  8:10  SCV  
  61  8:11  Factory  
  61  8:12  Factory x2  
  68  8:15  Command Center  
  68  8:25  SCV x2  
  68  8:26  SCV  
  70  8:37  SCV x2  
  66  8:54  Liberator  
  66  8:55  Liberator  
  59  9:29  SCV x3  
  61  9:38  Factory Tech Lab x3  
  61  9:41  SCV x3  
  61  9:43  Liberator  
  61  9:44  Liberator  
  64  9:51  Command Center  
  64  9:52  Command Center  
  64  9:53  SCV x3  
  67  10:05  SCV x3, Refinery  
  67  10:07  Refinery  
  76  10:09  Thor x2  
  88  10:17  SCV x2  
  88  10:18  SCV  
  91  10:29  SCV x2  
  93  10:39  SCV, Siege Tank, Thor, Supply Depot  
  93  10:40  Liberator  
  93  10:41  Supply Depot, SCV  
  93  10:42  SCV  
  105  10:47  Terran Vehicle Weapons Level 1  
  105  10:51  Armory  
  108  11:08  Liberator  
  108  11:19  Refinery, Engineering Bay  
  108  11:21  Orbital Command  
  111  11:26  Thor, Liberator  
  111  11:29  SCV x2  
  111  11:30  Refinery  
  119  11:34  SCV x2  
  119  11:35  Factory  
  121  11:41  SCV x2  
  121  11:43  Supply Depot  
  126  11:49  Hellion x3  
  126  11:50  Liberator  
  126  11:53  Terran Vehicle And Ship Armor Level 1  
  133  11:59  Planetary Fortress  
  132  12:05  SCV, Missile Turret  
  136  12:10  Thor  
  136  12:11  Missile Turret  
  136  12:12  Liberator  
  136  12:14  Hellion x2  
  136  12:15  SCV x2, Hellion  
  150  12:19  Factory Reactor  
  150  12:23  SCV x2  
  150  12:26  Command Center  
  150  12:27  SCV  
  156  12:33  Liberator  
  156  12:34  Supply Depot  
  156  12:35  Supply Depot  
  156  12:36  Hellion  
  158  12:40  Supply Depot  
  161  12:54  Hellion  
  161  12:56  Thor, Hellion  
  161  12:57  Thor  
  177  13:00  Missile Turret  
  177  13:01  Missile Turret x2  
  177  13:15  Thor  
  177  13:19  Liberator  
  183  13:20  Liberator  
  183  13:30  Missile Turret  
  183  13:37  Thor, Missile Turret  
  183  13:38  Missile Turret  
  183  13:40  Hellion x4  
  200  13:49  Refinery  
  200  14:15  Refinery  
  194  14:23  Planetary Fortress, Refinery  
  190  14:37  Liberator x2  
  173  14:52  Thor  
  173  14:53  Thor x2, Hellion x3  
  189  15:04  SCV x3  
  192  15:14  Thor  
  190  15:33  Hellion  
  190  15:35  Thor x2  
  178  15:48  Hellbat x2  
  167  15:54  Hellion  
  166  16:09  Hellion x2  
Show
View Real Time Build Order
Export as new Build Order

Pnissen Zerg 

Build Orders: Hatch First 

Get SALT Encoding   

  12  0:01  Drone  
  13  0:09  Drone  
  14  0:18  Overlord  
  14  0:37  Drone x3  
  17  0:55  Hatchery  
  16  0:58  Drone  
  18  1:04  Drone  
  18  1:16  Spawning Pool  
  17  1:27  Drone  
  17  1:31  Extractor  
  17  1:36  Drone x2  
  19  1:50  Overlord  
  19  2:03  Queen  
  19  2:07  Zergling x4  
  23  2:09  Queen  
  25  2:18  Drone x3  
  28  2:31  Drone x2  
  28  2:33  Metabolic Boost  
  30  2:51  Drone x2  
  30  2:52  Drone x2  
  30  2:58  Overlord  
  34  3:00  Overlord  
  34  3:13  Hatchery  
  34  3:18  Queen  
  35  3:29  Drone  
  35  3:30  Drone x7  
  42  3:45  Zergling x4  
  43  3:49  Zergling x8  
  43  3:52  Baneling Nest  
  46  3:55  Extractor  
  45  4:05  Drone  
  45  4:06  Drone x4  
  50  4:22  Drone  
  51  4:26  Drone x2, Overlord x2  
  51  4:27  Overlord  
  51  4:31  Extractor x2  
  51  4:44  Roach Warren  
  50  4:46  Drone x2  
  52  4:54  Overlord x3  
  52  4:58  Queen  
  52  5:00  Spore Crawler  
  52  5:05  Spore Crawler  
  49  5:07  Zergling x2  
  49  5:08  Zergling x18  
  49  5:09  Zergling x2  
  55  5:34  Drone  
  56  5:50  Roach x3  
  56  5:51  Roach x11  
  84  6:15  Drone x2  
  84  6:17  Drone x3  
  89  6:33  Evolution Chamber, Ravager  
  89  6:34  Evolution Chamber, Ravager  
  89  6:35  Overlord  
  89  6:36  Overlord x4  
  89  6:50  Spore Crawler  
  89  6:51  Drone  
  89  6:52  Drone  
  90  6:56  Ravager x5  
  90  6:57  Ravager x3  
  90  6:58  Ravager x2  
  90  6:59  Ravager  
  101  7:05  Spore Crawler  
  98  7:29  Spore Crawler  
  93  7:48  Drone x6  
  93  7:49  Drone x5  
  104  7:58  Drone x2  
  104  7:59  Drone x2  
  104  8:01  Zerg Missile Weapons Level 1, Zerg Ground Armor Level 1  
  104  8:04  Lair  
  108  8:10  Drone  
  109  8:13  Drone  
  109  8:14  Drone  
  109  8:15  Drone x4  
  106  8:46  Roach  
  106  8:47  Roach x7  
  106  8:48  Roach x3  
  119  8:53  Drone x3  
  93  9:50  Nydus Network  
  92  9:52  Queen  
  92  9:54  Queen  
  92  9:57  Hatchery  
  92  9:58  Extractor  
  92  9:59  Extractor  
  93  10:03  Hatchery  
  92  10:13  Hatchery, Spire  
  90  10:15  Zerg Missile Weapons Level 2  
  90  10:16  Zerg Ground Armor Level 2, Infestation Pit  
  89  10:34  Overseer x4  
  89  10:43  Roach x2  
  89  10:44  Roach x12  
  89  10:45  Roach  
  119  11:06  Extractor  
  119  11:10  Extractor  
  115  11:15  Overlord x6  
  115  11:16  Overlord x7  
  115  11:35  Overseer  
  115  11:52  Pathogen Glands  
  115  11:55  Hive  
  115  11:56  Roach  
  115  11:57  Roach x11  
  115  11:58  Roach x12  
  115  11:59  Roach x4  
  171  12:08  Spore Crawler  
  171  12:15  Corruptor  
  172  12:23  Zerg Flyer Weapons Level 1  
  172  12:37  Queen x2  
  176  12:53  Nydus Canal  
  176  13:14  Drone x5  
  176  13:15  Drone x5  
  176  13:16  Drone x12  
  176  13:17  Drone  
  199  13:22  Zerg Ground Armor Level 3, Zerg Missile Weapons Level 3  
  199  13:26  Ultralisk Cavern  
  198  13:43  Extractor  
  198  13:44  Extractor  
  190  13:51  Spine Crawler  
  190  13:52  Spine Crawler  
  190  13:54  Spine Crawler  
  187  14:18  Hatchery  
  187  14:21  Ravager x8  
  187  14:22  Ravager x9  
  187  14:23  Ravager x2  
  168  14:46  Roach  
  168  14:47  Roach x10  
  158  15:00  Roach x2  
  158  15:01  Roach x9  
  158  15:02  Roach x8  
  188  15:22  Roach x4  
  129  15:48  Roach x4  
  101  15:58  Roach  
  101  15:59  Roach x6  
Tags
 
Add a new tag
Caveats
  • Supply blocks, unpowered buildings, or Contaminate may cause inaccurate times.
  • Supply counts are checked every 10 seconds.